 Dungeon Crawl Stone Soup version 0.23-a0-451-g1044d4c (webtiles) character file.

245 galech the Shield-Bearer (level 5, 0/42 HPs)
             Began as a Demonspawn Fighter on Nov 22, 2018.
             Succumbed to Sigmund's poison
             ... on level 2 of the Dungeon.
             The game lasted 00:01:59 (1658 turns).

galech the Shield-Bearer (Demonspawn Fighter)       Turns: 1658, Time: 00:02:00

Health: 0/42       AC:  8    Str: 21    XL:     5   Next: 84%
Magic:  5/5        EV:  7    Int: 10    God:
Gold:   12         SH:  9    Dex: 13    Spells: 4/4 levels left

rFire    . . .     SeeInvis .   a - +0 war axe
rCold    . . .     Gourm    .   c - +0 shield
rNeg     . . .     Faith    .   b - +0 scale mail
rPois    .         Spirit   +   (helmet restricted)
rElec    .         Reflect  .   (no cloak)
rCorr    .         Harm     .   (no gloves)
MR       .....                  (no boots)
Stlth    ..........             (no amulet)
HPRegen  1.14/turn              (no ring)
MPRegen  0.09/turn              (no ring)

@: mighty, lethally poisoned (0 -> -3)
A: antennae 1, iridescent scales 1, powered by death 1, magic shield
a: no special abilities


You were on level 2 of the Dungeon.
You were hungry.

You visited 1 branch of the dungeon, and saw 2 of its levels.

You collected 12 gold pieces.

Inventory:

Hand Weapons
 a - a +0 war axe (weapon)
Armour
 b - a +0 scale mail (worn)
 c - a +0 shield (worn)
Scrolls
 e - 3 scrolls of remove curse {unknown}
 i - 3 scrolls of identify {unknown}
 j - a scroll of magic mapping {unknown}
Potions
 g - a potion of curing {unknown}
 h - a potion of heal wounds {unknown}
Comestibles
 f - 2 rations
 k - 5 chunks of flesh


   Skills:
 + Level 3.8 Fighting
 + Level 3.6 Axes
 + Level 3.3 Armour
 + Level 0.6 Dodging
 + Level 3.8 Shields


You had 4 spell levels left.
You didn't know any spells.
Your spell library was empty.

Dungeon Overview and Level Annotations

Branches:
Dungeon (2/15)

Altars:
Elyvilon
Yredelemnul


Innate Abilities, Weirdness & Mutations

You have a pair of small antennae on your head.
You are partially covered in iridescent scales. (AC +2)
You regenerate a little health from kills.
When hurt, damage is shared between your health and your magic reserves.


Message History

Sigmund hits you with a +2 scythe of venom!
* * * LOW HITPOINT WARNING * * *
You are more poisoned.
You slash Sigmund!
Sigmund is severely wounded.
* * * LOW HITPOINT WARNING * * *
You feel sick.
Sigmund hits you with a +2 scythe of venom.
* * * LOW HITPOINT WARNING * * *
You are more poisoned.
You slash Sigmund!
You kill Sigmund!
Your Axes skill increases to level 3!
You have reached level 5!
Your demonic ancestry asserts itself...
You feel your magical essence form a protective shroud around your flesh.
* * * LOW HITPOINT WARNING * * *
You feel very sick.
It was a potion of magic.
Magic courses through your body.
You die...

.........♣♣#.##
..........♣#..#
........[.♣#..######.#.
.)........♣#...........
♣♣♣♣♣.._..♣#...........
♣♣♣##♣⌠.⌠♣#♣...#.###.#.
⌠.⌠♣##♣♣♣#♣..#.#.# #
._..♣♣♣♣♣♣..♣#.#+###....
...........♣##..@†..#
...........♣#..†.)..#
..........♣##.......#
.........♣♣#........#
♣♣♣....♣♣# #........#
♣♣♣♣♣# ..........#
..##.......# ..
.###.####


There were no monsters in sight!

Vanquished Creatures
  Sigmund (D:2)
  Terence (D:1)
  Robin (D:2)
  2 dart slugs (D:1)
  3 worms
  A leopard gecko (D:1)
  2 giant cockroaches
  14 goblins
  5 hobgoblins
  4 bats
  A frilled lizard (D:1)
  2 kobolds (D:1)
  2 rats (D:1)
39 creatures vanquished.

Notes
Turn   | Place    | Note
-------+----------+-------------------------------------------
     0 | D:1      | galech the Demonspawn Fighter began the quest for the Orb.
     0 | D:1      | Reached XP level 1. HP: 18/18 MP: 1/1
   636 | D:1      | Gained mutation: You regenerate a little health from kills.
                  | [demonic ancestry]
   636 | D:1      | Reached XP level 2. HP: 18/24 MP: 2/2
  1020 | D:2      | Noticed Robin
  1210 | D:1      | Gained mutation: You are partially covered in iridescent
                  | scales. (AC +2) [demonic ancestry]
  1210 | D:1      | Reached XP level 3. HP: 29/29 MP: 3/3
  1230 | D:2      | Noticed Terence
  1238 | D:1      | Killed Terence
  1470 | D:2      | Gained mutation: You have a pair of small antennae on your
                  | head. [demonic ancestry]
  1470 | D:2      | Reached XP level 4. HP: 35/35 MP: 4/4
  1473 | D:2      | Killed Robin
  1564 | D:2      | Found a white marble altar of Elyvilon.
  1628 | D:2      | Found a basalt altar of Yredelemnul.
  1647 | D:2      | Noticed Sigmund
  1657 | D:2      | Killed Sigmund
  1657 | D:2      | Gained mutation: When hurt, damage is shared between your
                  | health and your magic reserves. [demonic ancestry]
  1657 | D:2      | Reached XP level 5. HP: 2/42 MP: 5/5
  1657 | D:2      | HP: 1/42 [poisoned by Sigmund]
  1658 | D:2      | Succumbed to Sigmund's poison

Vault maps used:
D:1:      lemuel_arrival_cross
D:2:      kennysheep_ying_yang, uniq_sigmund, uniq_robin, uniq_terence

Skill      XL: |  1  2  3  4 |
---------------+-------------+-----
Shields        | 3 |  3.8
Axes           | 2 3 |  3.6
Armour         | 3 |  3.3
Fighting       | |  3.8
Dodging        | |  0.6

Action                   |  1- 3 |  4- 6 || total
-------------------------+-------+-------++-------
Melee: War axe           |    82 |    17 ||    99
  Use: Potion            |       |     2 ||     2
  Eat: Chunk             |     2 |       ||     2
Armor: Scale mail        |    49 |    14 ||    63
Dodge: Dodged            |    21 |     6 ||    27
Block: Shield            |    67 |    10 ||    77

Table legend:
 A = Non-vault XP
 B = Vault XP
 C = Vault XP percentage of total XP
 D = Non-vault monster count
 E = Vault monster count
 F = Vault count percentage of total count
                 A         B        C        D         E       F
            +---------+---------+-------+---------+---------+-------
      Total |      57 |     294 |  83.8 |      25 |      14 |  35.9
            +---------+---------+-------+---------+---------+-------
        D:1 |      34 |      54 |  61.4 |      16 |      11 |  40.7
        D:2 |      23 |     240 |  91.3 |       9 |       3 |  25.0
            +---------+---------+-------+---------+---------+-------
